Cogmind - Beta 14 @@@ ROGUE MODE // 2024.08.20 @ 20:48:20 Player: 3.14 Result: Destroyed by G-34 Mercenary with Small Laser Performance ------------- Evolutions (0) 0 Regions Visited (1) 200 Robots Destroyed (13) 65 Value Destroyed (363) 363 Prototype IDs (0) 0 Alien Tech Used (0) 0 Bonus (0) 0 TOTAL SCORE: 628 Bonus ------- None Cogmind --------- Core Integrity 0/250 Matter 246/300 Energy 100/100 System Corruption 0% Temperature Cool (30) Movement Treading (160) Location -10/Materials Parts ------- > --- POWER (1) -------- (None) > --- PROPULSION (2) --- Light Treads Light Treads > --- UTILITY (2) ------ Heat Sink Large Storage Unit > --- WEAPON (2) ------- Beam Cannon Assault Rifle > --- INVENTORY (15) --- Ion Engine Light Nuclear Core Aluminum Leg Wheel Compact Wheel Heat Sink Beam Cannon Beam Cannon Light Assault Rifle Light Cannon Peak State ------------ > --- POWER ------------ Ion Engine > --- PROPULSION ------- Light Treads Light Treads > --- UTILITY ---------- Heat Sink Large Storage Unit > --- WEAPON ----------- Assault Rifle Light Assault Rifle > --- INVENTORY -------- Ion Engine Light Nuclear Core Aluminum Leg Wheel Compact Wheel Heat Sink Beam Cannon Light Cannon [Rating: 8] Favorites ----------- Power Ion Engine Engine Ion Engine Propulsion Light Treads Treads Light Treads Leg Aluminum Leg Utility Large Storage Unit Device Heat Sink Storage Large Storage Unit Protection Weapon Shielding Weapon Assault Rifle Energy Cannon Beam Cannon Ballistic Gun Assault Rifle Ballistic Cannon Light Cannon Build | -11 -10 ------- Run | Yrd Mat Slots Evolved . | . . Power . | . . Propulsion . | . . Utility . | . . Weapon . | . . Parts Attached 13 | . 13 Power 1 | . 1 Engine 1 | . 1 Core . | . . Reactor . | . . Propulsion 3 | . 3 Treads 2 | . 2 Leg 1 | . 1 Wheel . | . . Hover . | . . Flight . | . . Utility 3 | . 3 Device 1 | . 1 Storage 1 | . 1 Processor . | . . Hackware . | . . Protection 1 | . 1 Artifact . | . . Weapon 6 | . 6 Energy Gun . | . . Energy Cannon 2 | . 2 Ballistic Gun 3 | . 3 Ballistic Cannon 1 | . 1 Launcher . | . . Special Weapon . | . . Impact Weapon . | . . Slashing Weapon . | . . Piercing Weapon . | . . Special Melee Weapon . | . . Unidentified Prototypes . | . . Parts Lost 6 | . 6 Power 2 | . 2 Propulsion 1 | . 1 Utility 1 | . 1 Weapon 2 | . 2 Highest Loss Streak 2 | . 2 To Critical Strikes . | . . Average Slot Usage (%) 97 | . 97 Engine 13 | . 13 Treads 18 | . 18 Leg 9 | . 9 Device 10 | . 10 Storage 14 | . 14 Protection 1 | . 1 Energy Cannon 1 | . 1 Ballistic Gun 25 | . 25 Peak Build Rating 8 | . 8 Average Rating 6 | . 6 On Entrance 6 | 6 6 Naked Turns . | . . Heaviest Build 32 | 12 32 Greatest Support 40 | 20 40 Greatest Overweight (x) 2 | . 2 Average Overweight (x) . | . . Largest Inventory Capacity 15 | . 15 Average Capacity 14 | . 14 Most Carried 10 | . 10 Average Carried 6 | . 6 Final Capacity 15 | 8 15 Final Carried 10 | 6 10 Class Distribution -------------------- 100% | Mutant Dominant Class ---------------- Mutant | -10/Materials Resources | -11 -10 ----------- Run | Yrd Mat Matter Collected 477 | 200 277 Remotely . | . . Salvage Created 459 | . 459 Parts 26 | . 26 Haulers Intercepted . | . . Recyclers Shooed . | . . Parts Field Recycled . | . . Retrieved Matter . | . . Parts Self-Destructed . | . . Prevented . | . . Kills | -11 -10 ------- Run | Yrd Mat Combat Hostiles Destroyed 10 | . 10 Guns 9 | . 9 Cannons 1 | . 1 Classes Destroyed 5 | . 5 Recycler 1 | . 1 Mechanic 1 | . 1 Operator 1 | . 1 Swarmer 2 | . 2 Grunt 8 | . 8 Best Kill Streak 5 | . 5 Combat Bots Only 3 | . 3 Max Kills in Single Turn 1 | . 1 Gunslinging . | . . Exploded . | . . Melee . | . . Uniques/NPCs Destroyed . | . . Combat | -11 -10 -------- Run | Yrd Mat Hostile Shots Fired 95 | . 95 Missed 24 | . 24 Damage Taken 1004 | . 1004 Core 254 | . 254 Absorbed by Shields . | . . Redirected to Shielding 52 | . 52 Core Remaining (%) 100 | 100 . Volleys Fired 44 | . 44 Largest 2 | . 2 Hottest 95 | . 95 Shots Fired 88 | . 88 Gun 75 | . 75 Cannon 13 | . 13 Launcher . | . . Special . | . . Kinetic 79 | . 79 Thermal 9 | . 9 Explosive . | . . Electromagnetic . | . . Robot Hit Streak 11 | . 11 Robot Miss Streak 3 | . 3 Penetration Max . | . . Secondary Targets 1 | . 1 Max Gunslinging Chain 1 | . 1 Shots Hit Robots 55 | . 55 Core Hits 20 | . 20 Critical Kills . | . . Critical Parts Destroyed . | . . Critical Strikes . | . . Melee Attacks . | . . Impact . | . . Slashing . | . . Piercing . | . . Sneak Attacks . | . . Combat Hostiles . | . . Follow-up Attacks . | . . Damage Inflicted 733 | . 733 Guns 601 | . 601 Cannons 129 | . 129 Explosions . | . . Melee . | . . Ramming 3 | . 3 Kinetic 659 | . 659 Thermal 71 | . 71 Explosive . | . . Electromagnetic . | . . Impact . | . . Slashing . | . . Piercing . | . . Highest Corruption . | . . Average Corruption . | . . Corruption Purged . | . . Corruption Blocked . | . . Overload Shots . | . . Overflow Damage . | . . Projectiles . | . . Explosions . | . . Melee . | . . Knockbacks 1 | . 1 Impact . | . . Kinetic 1 | . 1 Secondary . | . . Self-Inflicted Damage . | . . Shots . | . . Rammed . | . . Targets Rammed 1 | . 1 Kicked 1 | . 1 Crushed . | . . Highest Temperature 24 | . 24 Average Temperature 11 | . 11 Received Heat Transfer 468 | . 468 Siege Activations . | . . Robots Corrupted . | . . Combat Hostiles . | . . Parts Fried . | . . Impact Corruptions . | . . Robots Melted . | . . Combat Hostiles . | . . Parts Melted . | . . Heat Transferred 148 | . 148 Parts Sabotaged . | . . Parts Stolen . | . . Parts Stripped . | . . Power Chain Reactions . | . . Alert | -11 -10 ------- Run | Yrd Mat Peak Influence 294 | . 294 Initial . | . . Average 86 | . 86 Maximum Alert Level 1 | . 1 Low Security (%) 92 | . 92 Level 1 7 | . 7 Level 2 . | . . Level 3 . | . . Level 4 . | . . Level 5 . | . . High Security . | . . Max Security . | . . Squads Dispatched 3 | . 3 Investigation 1 | . 1 Extermination . | . . Reinforcement 2 | . 2 Assault . | . . Garrison . | . . Intercept . | . . Searches Triggered . | . . Construction Impeded . | . . Haulers Reinforced . | . . Active Scanning Responses . | . . Cargo Convoy Interrupts . | . . Stealth | -11 -10 --------- Run | Yrd Mat Distress Signals 1 | . 1 Communications Jammed . | . . Distress Signals . | . . Times Spotted 21 | . 21 Peak Tracking Total 5 | . 5 Tactical Retreats 2 | . 2 Traps | -11 -10 ------- Run | Yrd Mat Traps Triggered . | . . Indirectly . | . . Trap Hack Attempts . | . . Triggered . | . . Disarmed . | . . Reprogrammed . | . . Reused . | . . Traps Extracted . | . . Installed . | . . Triggered . | . . Machines | -11 -10 ---------- Run | Yrd Mat Machines Disabled 1 | . 1 Max in Single Turn 1 | . 1 Machines Repaired . | . . Machines Dismantled . | . . Machines Sabotaged . | . . Overloaded Fab Kills . | . . Hacking | -11 -10 --------- Run | Yrd Mat Machines Accessed 5 | . 5 Terminals 5 | . 5 Fabricators . | . . Repair Stations . | . . Recycling Units . | . . Scanalyzers . | . . Garrison Access . | . . Total Hacks 20 | . 20 Successful 11 | . 11 Failed 9 | . 9 Catastrophic . | . . Database Lockouts . | . . Manual 19 | . 19 Terminals 20 | . 20 Fabricators . | . . Repair Stations . | . . Recycling Units . | . . Scanalyzers . | . . Garrison Access . | . . Terminal Hacks 4 | . 4 Robot Analysis 2 | . 2 Locate Traps 1 | . 1 Hauler Manifests 1 | . 1 Fabricator Hacks . | . . Repair Station Hacks . | . . Recycling Unit Hacks . | . . Scanalyzer . | . . Garrison Access Hacks . | . . Unauthorized Hacks 7 | . 7 Terminals 7 | . 7 Botnet 1 | . 1 Operators 1 | . 1 Skim 5 | . 5 Fabricators . | . . Repair Stations . | . . Recycling Units . | . . Scanalyzers . | . . Garrison Access . | . . Data Cores Recovered . | . . Used . | . . Hacking Detections 4 | . 4 Full Trace Events . | . . Feedback Events . | . . Feedback Blocked . | . . Robot Schematics Acquired . | . . Robots Built . | . . Authchips . | . . Time . | . . Total Robot Build Rating . | . . Part Schematics Acquired . | . . Parts Built . | . . Authchips . | . . Time . | . . Total Part Build Rating . | . . Parts Repaired . | . . Time . | . . Parts Recycled . | . . Recycled Matter . | . . Retrieved Matter . | . . Retrieved Components . | . . Parts Scanalyzed . | . . Part Schematics Acquired . | . . Parts Damaged . | . . Bothacking | -11 -10 ------------ Run | Yrd Mat Used RIF Installer . | . . Robots Hacked . | . . Non-combat . | . . Combat . | . . Robot Hacks Applied . | . . Relay Couplers Released . | . . Fabnet Peak Effective % . | . . Robots Rewired . | . . Allies Hacked . | . . Hacks Repelled . | . . Allies | -11 -10 -------- Run | Yrd Mat Total Allies . | . . Largest Group . | . . Highest-Rated Group . | . . Highest-Rated Ally . | . . Total Orders . | . . Ally Attacks . | . . Total Damage . | . . Kills . | . . Allies Corrupted . | . . Allies Melted . | . . Intel | -11 -10 ------- Run | Yrd Mat Robot Analysis Total 2 | . 2 Derelict Logs Recovered . | . . Drone Launches . | . . Drone Recoveries . | . . Exploration | -11 -10 ------------- Run | Yrd Mat Turns Passed 1098 | . 1098 Spaces Moved 395 | 1 394 Core . | . . Treads 265 | . 265 Legs 130 | 1 129 Wheels . | . . Hover . | . . Flight . | . . Fastest Speed 120 | 120 120 Average Speed 162 | 120 162 Slowest Speed 260 | 120 260 Overloaded Moves . | . . Propulsion Burnouts . | . . Robots Hopped . | . . Cave-ins Triggered . | . . Exploration Rate (%) 33 | 2 64 Regions Visited 1 Branch Regions . Pre-discovered Areas . | . . Known Exits Taken . | . . Unknown Exits Taken 1 | 1 . Scrap Searched . | . . Spaces Dug . | . . Terrain Destroyed . | . . Melee . | . . Projectile . | . . AOE . | . . Terrain Rammed . | . . Walls Destroyed . | . . Machines Disabled . | . . Actions | -11 -10 --------- Run | Yrd Mat Total 764 | . 764 Wait 300 | . 300 Move 394 | . 394 Hop . | . . Pick Up 9 | . 9 Fast Attach 4 | . 4 Attach 5 | . 5 Detach . | . . Swap 4 | . 4 Drop 3 | . 3 Fire 44 | . 44 Melee . | . . Ram . | . . Kick 1 | . 1 Crush . | . . Escape Stasis . | . . Rewire . | . . Trap . | . . Miscellaneous . | . . Route ------- -11/Scrapyard -10/Materials (discovered 5 exits: [*Mat x2] / *Min x2 / Sub) History --------- Turn | Location | Event 1 | -11/Scrapyard | Discovered new exit (range 0) 1 | -11/Scrapyard | Entered Materials 173 | -10/Materials | Discovered new exit (range 5) 306 | -10/Materials | Core integrity fell below 50% 318 | -10/Materials | Build established: Mutant 361 | -10/Materials | Core integrity fell below 20% 600 | -10/Materials | Discovered new exit (range 7) 694 | -10/Materials | Loaded intel: 8 trap records 743 | -10/Materials | Learned Materials trap positions 809 | -10/Materials | Identified exit to Subcaves 826 | -10/Materials | Identified exit to Mines 845 | -10/Materials | Learned 4 Recycling zone layouts 868 | -10/Materials | Learned location of 2 exits from Mines 1085 | -10/Materials | Discovered new exit (range 5) 1099 | -10/Materials | Destroyed by G-34 Mercenary with Small Laser Last Messages --------------- 00868_ >> SKIM: Stored Mines exits (x2). 00868_ >> SKIM: Data seek routine purged. 00870_ K-01 Serf cleans the Hadron Collector. 00945_ O-16 Technician: "IFF HANDSHAKE FAILED. SECURING TERMINAL." 00951_ ALERT: Hostiles spotted, dispatching reinforcements to Terminal M007. 00989_ Acquired Beam Cannon. 01019_ G-34 Mercenary knocked back. 01019_ Terminal disabled. 01025_ G-34 Mercenary destroyed. 01035_ R-06 Scavenger collects Ion Engine. 01040_ R-06 Scavenger destroyed. 01045_ Acquired 2 matter. 01047_ Acquired 4 matter. 01059_ O-16 Technician destroyed. 01064_ Acquired 10 matter. 01085_ EXIT=FOUND 01090_ ALERT: Hostiles spotted, dispatching reinforcements to Terminal M003. 01098_ Ion Engine destroyed. Map ----- +----------------------------------------------------+ | ??# """ """ #??|"| "#?????????????????????? | | ??# """ """ #" "##????????????????????? | | ??# ?????????????????? | | ??# < ?????????????????? | | ??# ?????????????????? | | ### ###+####### #####?????????????????? | | # #???########?????????????????????? | | + T #????????????????????????????????? | | ### #????????????????????????????????? | | #####+#### #????????????????????????????????? | | ##! # #????????????????????????????????? | | ## """ "# #???????!????????????????????????? | | ## """ T########????????????????????????????????? | | ## """ "#???????????????????????????????????????? | | ## """ #???????????????????????????????????????? | | ## #??????############+##??????????????????? | | ## """ + ?????? u ^^ #??????????????????? | | ?# """ ######### ^ #??????????????????? | | ?# """ ## #? ^ """#??????????????????? | | ?# """ ## +?? Y"#??????????????????? | | ?# ## * #??#^ """#??????????????????? | | ?#?######## #??#^ #????????????????/?? | | ??????????# #??# #??????????????????? | | ??######??# #??# #??????????????????? | | ### #######+###### #??????????????????? | | !% =*!** @ #??????????????????? | | = =%%! g/ g//! ??????????^?? | | ### ##+################# # //] [ #???????^?? | | ??###### ???????????????? < #???/ #?????????? | | ???????? ????????????????? #??????? #?????????? | | ######?# "?????????????????##??????????????????? | | #?# "??????????????????????o??????????????? | | #?# ????????????????????????????????????? | | #?# ????????????????????????????????????? | | #?#######???????????????????????????????????? | | #???????????????????????????????????????????? | | ! #???????????????????????????????????????????? | | ######???????????????????????????????????????????? | | ?????????????????????????????????????????????????? | | ?????????????????????????????????????????????????? | | | | | | | | | | | | | | | | | | | | | +----------------------------------------------------+ Best States ------------- Heat Dissipation 35 Energy Generation 10 Energy Capacity 250 Matter Stores 300 Matter Capacity 300 Sight Range 16 Terrain Scan Density 10 Weapon Shielding 33 Evasion (%) 55 Recoil Reduction 2 Item Schematics ----------------- None Robot Schematics ------------------ None Fabricated ------------ Nothing Alien Tech Used ----------------- None Achievements -------------- None Challenges ------------ None Game ------ Seed ChromaticAntigravSuite Manual? 0 Play Time 00:08:26 Cumulative 904.8 hours Start 2024.08.20 @ 20:43:54 End 2024.08.20 @ 20:48:20 Sessions 1 Manual Loads 0 Difficulty Rogue Special Mode None Game No. 1463 Rogue 1463 Adventurer 0 Explorer 0 Win Type - Total 87 Types 53/1/14/14/4/0/0/1/0 Lore% 80 Gallery% 88 Achievement% 85 Wizard Run 0 Options --------- Layout 0 ASCII 1 Keyboard 0 Movement Numpad Keybinds 0 Fullscreen 2 Font 18/SmallcapsGlow Map View 76x50 Zoom Use 0% Tactical HUD 1 Map Filters NONE Filters NONE Steam 1 RUN: 3874872c-a80f-46f7-85ae-745f3659cff9